3AAA
GRYFINDOR BRAVES @ HOUSTON BC
05/31/2022
 
TOP OF THE 1ST
Gryfindor Braves batting - Pitching for Houston BC : RHP Stanley Williams
Pitching: RHP Stanley Williams
Batting: LHB Nathan Tanner 0-0: Called Strike
0-1: Ball
1-1: Ball
2-1: Ball
3-1: Foul Ball, location: 2F
3-2: DOUBLE (Flyball, 9D)
Batting: RHB Jay Parker 0-0: Ground out 6-3 (Groundball, 6)
Batting: RHB Rafael Arredondo 0-0: Called Strike
0-1: Swinging Strike
0-2: Fly out, F7 (Flyball, 7LD)
Runner from 2nd tags up, SAFE at 3rd, no throw
Batting: RHB António Martínez 0-0: Ball
1-0: Called Strike
1-1: Ground out 1-3 (Groundball, 13S)
Top of the 1st over - 0 run(s), 1 hit(s), 0 error(s), 1 left on base; Gryfindor 0 - Houston 0
BOTTOM OF THE 1ST
Houston BC batting - Pitching for Gryfindor Braves : RHP Pancho Pantoja
Pitching: RHP Pancho Pantoja
Batting: RHB José Muńóz 0-0: Foul Ball, location: 2F
0-1: Called Strike
0-2: Ball
1-2: Ball
2-2: Fly out, F9 (Flyball, 9LMF)
Batting: RHB Ángel González 0-0: Called Strike
0-1: Called Strike
0-2: Ball
1-2: Foul Ball, location: 2F
1-2: Strikes out swinging
Batting: LHB Yun Yen 0-0: Swinging Strike
0-1: Ball
1-1: Ball
2-1: Called Strike
2-2: Ball
3-2: Ground out 4-3 (Groundball, 4)
Bottom of the 1st over - 0 run(s), 0 hit(s), 0 error(s), 0 left on base; Gryfindor 0 - Houston 0
TOP OF THE 2ND
Gryfindor Braves batting - Pitching for Houston BC : RHP Stanley Williams
Batting: LHB Júlio Valentín 0-0: Swinging Strike
0-1: Ball
1-1: Ball
2-1: Foul Ball, location: 2F
2-2: Ball
3-2: Strikes out looking
Batting: LHB Kyung-chor Pang 0-0: Ball
1-0: Ground out 6-3 (Groundball, 6M)
Batting: RHB Matt Nelson 0-0: Ball
1-0: Ball
2-0: Foul Ball, location: 2F
2-1: SINGLE (Line Drive, 3D)
Batting: SHB Alonso Márquez 0-0: Called Strike
0-1: Ball
1-1: Foul Ball, location: 2F
1-2: SINGLE (Groundball, 34D) (infield hit)
Matt Nelson to second
Batting: LHB Jim Unknown 0-0: Ball
1-0: Foul Ball, location: 2F
1-1: Foul Ball, location: 2F
1-2: Ball
2-2: Ball
3-2: Base on Balls
Matt Nelson to third
Alonso Márquez to second
Batting: LHB Nathan Tanner 0-0: Ball
1-0: Ground out 5-3 (Groundball, 5)
Top of the 2nd over - 0 run(s), 2 hit(s), 0 error(s), 3 left on base; Gryfindor 0 - Houston 0
BOTTOM OF THE 2ND
Houston BC batting - Pitching for Gryfindor Braves : RHP Pancho Pantoja
Batting: LHB Jesús Reyes 0-0: Called Strike
0-1: Called Strike
0-2: Strikes out looking
Batting: RHB Micah Miller 0-0: DOUBLE (Line Drive, 7D)
Batting: LHB António Rivera 0-0: Ball
1-0: Ball
2-0: Called Strike
2-1: Ball
3-1: SINGLE (Line Drive, 4MD)
Micah Miller to third
Runner from 3rd tries for Home, SAFE, throw made home
António Rivera to second
Batting: RHB Ludovico Trezza 0-0: Ball
1-0: Reached on error, E1 (Groundball, 13)
António Rivera to third
Batting: RHB António Alvarado 0-0: Ball
1-0: Called Strike
1-1: Ball
2-1: Fly out, F9 (Flyball, 89XD)
Runner from 3rd tags up, SCORES, no throw
Batting: RHB Bobby Buck 0-0: Called Strike
0-1: Ball
1-1: Fly out, F8 (Flyball, 8RXD)
Bottom of the 2nd over - 2 run(s), 2 hit(s), 1 error(s), 1 left on base; Gryfindor 0 - Houston 2
TOP OF THE 3RD
Gryfindor Braves batting - Pitching for Houston BC : RHP Stanley Williams
Batting: RHB Jay Parker 0-0: Called Strike
0-1: Hit by Pitch
Batting: RHB Rafael Arredondo 0-0: Called Strike
0-1: Swinging Strike
0-2: Ball
1-2: Foul Ball, location: 2F
1-2: SINGLE (Popup, 78S)
Jay Parker to second
Batting: RHB António Martínez 0-0: Foul Ball, location: 2F
0-1: Ball
1-1: Ball
2-1: SINGLE (Groundball, 6MD) (infield hit)
Jay Parker to third
Rafael Arredondo to second
Batting: LHB Júlio Valentín 0-0: Swinging Strike
0-1: Swinging Strike
0-2: Ball
1-2: Foul Ball, location: 2F
1-2: Foul Ball, location: 2F
1-2: Strikes out swinging
Batting: LHB Kyung-chor Pang 0-0: Ball
1-0: Ball
2-0: DOUBLE (Line Drive, 9LS)
Jay Parker scores
Rafael Arredondo scores
António Martínez to third
Pinch Runner at 2nd Jim Unknown:
Batting: RHB Matt Nelson 0-0: Ball
1-0: Ground out 4-3 (Groundball, 4)
António Martínez scores
Jim Unknown to third
Batting: SHB Alonso Márquez 0-0: DOUBLE (Line Drive, 89M)
Jim Unknown scores
Batting: LHB Jim Unknown 0-0: SINGLE (Flyball, 8LS)
Alonso Márquez to third
Runner from 3rd tries for Home, SAFE, no throw or cutoff
Batting: LHB Nathan Tanner 0-0: Swinging Strike
0-1: Ball
1-1: Ball
2-1: Ground out 1-3 (Groundball, 15)
Top of the 3rd over - 5 run(s), 5 hit(s), 0 error(s), 1 left on base; Gryfindor 5 - Houston 2
BOTTOM OF THE 3RD
Houston BC batting - Pitching for Gryfindor Braves : RHP Pancho Pantoja
Batting: RHB José Muńóz 0-0: Fly out, F7 (Popup, 78S)
Batting: RHB Ángel González 0-0: Ball
1-0: Ground out 6-3 (Groundball, 6)
Batting: LHB Yun Yen 0-0: Fly out, F9 (Flyball, 9M)
Bottom of the 3rd over - 0 run(s), 0 hit(s), 0 error(s), 0 left on base; Gryfindor 5 - Houston 2
TOP OF THE 4TH
Gryfindor Braves batting - Pitching for Houston BC : RHP Stanley Williams
Batting: RHB Jay Parker 0-0: Ball
1-0: Called Strike
1-1: Called Strike
1-2: Fly out, F9 (Line Drive, 89M)
Batting: RHB Rafael Arredondo 0-0: Foul Ball, location: 2F
0-1: Fly out, F3 (Popup, 34S)
Batting: RHB António Martínez 0-0: Called Strike
0-1: Foul Ball, location: 2F
0-2: Ball
1-2: Foul Ball, location: 2F
1-2: Ball
2-2: Ball
3-2: Foul Ball, location: 2F
3-2: Strikes out swinging
Top of the 4th over - 0 run(s), 0 hit(s), 0 error(s), 0 left on base; Gryfindor 5 - Houston 2
BOTTOM OF THE 4TH
Houston BC batting - Pitching for Gryfindor Braves : RHP Pancho Pantoja
Batting: LHB Jesús Reyes 0-0: Ball
1-0: Ball
2-0: Swinging Strike
2-1: Ball
3-1: Base on Balls
Batting: RHB Micah Miller 0-0: Ball
1-0: Called Strike
1-1: Ground out 2-3 (Groundball, 23)
Jesús Reyes to second
Batting: LHB António Rivera 0-0: SINGLE (Groundball, 56D)
Jesús Reyes to third
Runner from 3rd tries for Home, SAFE, throw made home
António Rivera to second
Batting: RHB Ludovico Trezza 0-0: Called Strike
0-1: Ball
1-1: Ball
2-1: Ground out 5-3 (Groundball, 5)
Batting: RHB António Alvarado 0-0: Ball
1-0: Fly out, F7 (Flyball, 7LM)
Bottom of the 4th over - 1 run(s), 1 hit(s), 0 error(s), 1 left on base; Gryfindor 5 - Houston 3
TOP OF THE 5TH
Gryfindor Braves batting - Pitching for Houston BC : RHP Stanley Williams
Batting: LHB Júlio Valentín 0-0: Foul Ball, location: 2F
0-1: Fly out, F9 (Flyball, 89XD)
Batting: RHB Jim Unknown 0-0: Called Strike
0-1: Swinging Strike
0-2: Strikes out looking
Batting: RHB Matt Nelson 0-0: SINGLE (Groundball, 34)
Batting: SHB Alonso Márquez 0-0: Ball
1-0: Ground out 1-3 (Groundball, 15)
Top of the 5th over - 0 run(s), 1 hit(s), 0 error(s), 1 left on base; Gryfindor 5 - Houston 3
BOTTOM OF THE 5TH
Houston BC batting - Pitching for Gryfindor Braves : RHP Pancho Pantoja
Batting: RHB Bobby Buck 0-0: Ground out 5-3 (Groundball, 56)
Batting: RHB José Muńóz 0-0: Fly out, F9 (Flyball, 9D)
Batting: RHB Ángel González 0-0: Fly out, F2 (Popup, 2RF)
Bottom of the 5th over - 0 run(s), 0 hit(s), 0 error(s), 0 left on base; Gryfindor 5 - Houston 3
TOP OF THE 6TH
Gryfindor Braves batting - Pitching for Houston BC : RHP Stanley Williams
Batting: LHB Jim Unknown 0-0: Ball
1-0: Swinging Strike
1-1: Called Strike
1-2: Strikes out swinging
Batting: LHB Nathan Tanner 0-0: Ball
1-0: Called Strike
1-1: Ball
2-1: Ball
3-1: Ground out 4-3 (Groundball, 34)
Batting: RHB Jay Parker 0-0: Swinging Strike
0-1: Reached on error, E5 (Groundball, 56S)
Pitching: LHP Francisco Mora
Batting: RHB Rafael Arredondo 0-0: Ball
1-0: Ball
2-0: Called Strike
2-1: Ball
3-1: Called Strike
3-2: Base on Balls
Jay Parker to second
Batting: RHB António Martínez 0-0: Ball
1-0: Called Strike
1-1: Ball
2-1: Foul Ball, location: 2F
2-2: Foul Ball, location: 2F
2-2: Fielders Choice at 2nd, U6 (Groundball, 6M)
Top of the 6th over - 0 run(s), 0 hit(s), 1 error(s), 2 left on base; Gryfindor 5 - Houston 3
BOTTOM OF THE 6TH
Houston BC batting - Pitching for Gryfindor Braves : RHP Pancho Pantoja
Batting: LHB Yun Yen 0-0: Called Strike
0-1: Ground out 5-3 (Groundball, 5S)
Batting: LHB Jesús Reyes 0-0: Ball
1-0: Called Strike
1-1: Ground out 4-3 (Groundball, 34)
Batting: RHB Micah Miller 0-0: Foul Ball, location: 2F
0-1: SINGLE (Flyball, 7S)
Batting: LHB António Rivera 0-0: Ball
Micah Miller is caught stealing 2nd base
Bottom of the 6th over - 0 run(s), 1 hit(s), 0 error(s), 0 left on base; Gryfindor 5 - Houston 3
TOP OF THE 7TH
Gryfindor Braves batting - Pitching for Houston BC : LHP Francisco Mora
Batting: LHB Júlio Valentín 0-0: Foul Ball, location: 2F
0-1: Ball
1-1: Ball
2-1: Foul Ball, location: 2F
2-2: Ball
3-2: SINGLE (Line Drive, 34)
Batting: RHB Jim Unknown 0-0: Bunted foul
0-1: Ball
1-1: Bunted foul
1-2: Fielders Choice at 2nd, 1-6 (Groundball, 15S)
Batting: RHB Matt Nelson 0-0: Fly out, F9 (Flyball, 9M)
Batting: SHB Alonso Márquez 0-0: Ground out 5-3 (Groundball, 56)
Top of the 7th over - 0 run(s), 1 hit(s), 0 error(s), 1 left on base; Gryfindor 5 - Houston 3
BOTTOM OF THE 7TH
Houston BC batting - Pitching for Gryfindor Braves : RHP Pancho Pantoja
Batting: LHB António Rivera 0-0: Ball
1-0: SINGLE (Line Drive, 6D)
Batting: RHB Ludovico Trezza 0-0: Called Strike
0-1: Ball
1-1: Grounds into double play, 6-4-3 (Groundball, 6)
Batting: RHB António Alvarado 0-0: Ball
1-0: Ball
2-0: Ball
3-0: Foul Ball, location: 2F
3-1: Foul Ball, location: 2F
3-2: Ground out 6-3 (Groundball, 6)
Bottom of the 7th over - 0 run(s), 1 hit(s), 0 error(s), 0 left on base; Gryfindor 5 - Houston 3
TOP OF THE 8TH
Gryfindor Braves batting - Pitching for Houston BC : LHP Francisco Mora
Batting: LHB Jim Unknown 0-0: Ground out 4-3 (Groundball, 34)
Batting: LHB Nathan Tanner 0-0: Ball
1-0: Ball
2-0: Fly out, F7 (Flyball, 7LM)
Batting: RHB Jay Parker 0-0: Ball
1-0: Ball
2-0: Ground out 6-3 (Groundball, 6)
Top of the 8th over - 0 run(s), 0 hit(s), 0 error(s), 0 left on base; Gryfindor 5 - Houston 3
BOTTOM OF THE 8TH
Houston BC batting - Pitching for Gryfindor Braves : RHP Pancho Pantoja
Batting: RHB Bobby Buck 0-0: Swinging Strike
0-1: SINGLE (Groundball, 6M)
Batting: RHB José Muńóz 0-0: Called Strike
0-1: Foul Ball, location: 2F
0-2: Foul Ball, location: 2F
0-2: Ball
1-2: Fly out, F8 (Flyball, 8LM)
Batting: RHB Ángel González 0-0: Ball
1-0: Foul Ball, location: 2F
1-1: Grounds into double play, 6-4-3 (Groundball, 6M)
Bottom of the 8th over - 0 run(s), 1 hit(s), 0 error(s), 0 left on base; Gryfindor 5 - Houston 3
TOP OF THE 9TH
Gryfindor Braves batting - Pitching for Houston BC : LHP Francisco Mora
Batting: RHB Rafael Arredondo 0-0: Foul Ball, location: 2F
0-1: Called Strike
0-2: SINGLE (Flyball, 8LS)
Batting: RHB António Martínez 0-0: Hit by Pitch
Rafael Arredondo to second
Pitching: RHP Melvin Richards
Batting: LHB Júlio Valentín 0-0: Called Strike
0-1: Ball
1-1: Ball
2-1: Foul Ball, location: 2F
2-2: Strikes out swinging
Batting: RHB Jim Unknown 0-0: Ball
1-0: Called Strike
1-1: Ball
2-1: Swinging Strike
2-2: Ball
3-2: Foul Ball, location: 2F
3-2: SINGLE (Groundball, 4)
Rafael Arredondo to third
António Martínez to second
Rafael Arredondo scores
António Martínez to third
Batting: RHB Matt Nelson 0-0: Called Strike
0-1: Ball
1-1: Swinging Strike
1-2: Ball
2-2: Ball
3-2: Strikes out swinging
Batting: SHB Alonso Márquez 0-0: Called Strike
0-1: Foul Ball, location: 2F
0-2: Foul Ball, location: 2F
0-2: Ball
1-2: Strikes out swinging
Top of the 9th over - 1 run(s), 2 hit(s), 0 error(s), 2 left on base; Gryfindor 6 - Houston 3
BOTTOM OF THE 9TH
Houston BC batting - Pitching for Gryfindor Braves : RHP Pancho Pantoja
Pitching: LHP Jim Unknown
Batting: LHB Yun Yen 0-0: Ball
1-0: SOLO HOME RUN (Flyball, 9D), Distance : 366 ft
Batting: LHB Jesús Reyes 0-0: Ball
1-0: Called Strike
1-1: Called Strike
1-2: Ball
2-2: Ball
3-2: Fly out, F4 (Popup, 4)
Batting: RHB Micah Miller 0-0: Foul Ball, location: 2F
0-1: Ground out 6-3 (Groundball, 56D)
Batting: LHB António Rivera 0-0: Ball
1-0: Ball
2-0: Swinging Strike
2-1: Called Strike
2-2: Foul Ball, location: 2F
2-2: Ball
3-2: Base on Balls
Batting: RHB Ludovico Trezza 0-0: Called Strike
0-1: Ball
1-1: SINGLE (Groundball, 34D)
António Rivera to second
Runner from 2nd tries for 3rd, SAFE, throw made to third
Batting: RHB António Alvarado 0-0: Called Strike
0-1: SINGLE (Line Drive, 7LS)
António Rivera scores
Ludovico Trezza to second
Batting: RHB Bobby Buck 0-0: Foul Ball, location: 2F
0-1: Ball
1-1: Swinging Strike
1-2: Foul Ball, location: 2F
1-2: Ball
2-2: Strikes out swinging
Bottom of the 9th over - 2 run(s), 3 hit(s), 0 error(s), 2 left on base; Gryfindor 6 - Houston 5
This league is powered by Out of the Park Baseball, the baseball management simulation game for PC, Mac and Linux
Friday, April 15th, 2016 - OOTP Baseball 16.9 Build 39